 Dungeon Crawl Stone Soup version 0.27.0-1-g7a089689b8 (webtiles) character file.

Game seed: 17206805322075424558

8 Spectrina the Magician (level 2, 0/21 HPs)
             Began as a Djinni Necromancer on Aug 17, 2021.
             Slain by a ball python (1 damage)
             ... on level 2 of the Dungeon.
             The game lasted 00:02:47 (265 turns).

Spectrina the Magician (Djinni Necromancer)          Turns: 265, Time: 00:02:47

Health: 0/21       AC:  2    Str:  7    XL:     2   Next: 15%
Gold:   12         EV: 12    Int: 16    God:
                   SH:  0    Dex: 13

rFire    + + .     SeeInvis .   b - staff of earth
rCold    x . .     Faith    .   (no shield)
rNeg     . . .     Spirit   .   a - +0 robe
rPois    ∞         Reflect  .   (no helmet)
rElec    .         Harm     .   (no cloak)
rCorr    .         Rampage  .   (no gloves)
Will     .....                  (boots unavailable)
Stlth    ++........             (no amulet)
HPRegen  0.07/turn              (no ring)
MPRegen  0.00/turn              (no ring)

@: flying, very slightly contaminated
A: sickness immunity, fire resistance 2, cold vulnerability 1, float, innate
caster, hp casting, extra vitality 1
a: no special abilities


You were on level 2 of the Dungeon.
You visited 1 branch of the dungeon, and saw 3 of its levels.

You collected 12 gold pieces.

Inventory:

Missiles
 d - 25 stones
Armour
 a - a +0 robe (worn)
Magical Staves
 b - a staff of earth (weapon)
Scrolls
 c - a scroll of magic mapping {unknown}
 e - a scroll of identify {unknown}


   Skills:
 - Level 2.1 Dodging
 - Level 1.5 Stealth
 + Level 3.6 Spellcasting


You couldn't memorise any spells.
You knew the following spells:

 Your Spells              Type           Power      Damage    Failure   Level
a - Pain                  Necr           56%        1d6       4%          1
e - Agony                 Necr           14%        N/A       73%         5
l - Vampiric Draining     Necr           7%         2d7       12%         3
m - Animate Skeleton      Necr           28%        N/A       4%          1
n - Animate Dead          Necr           7%         N/A       36%         4
Your spell library was empty.

Dungeon Overview and Level Annotations

Branches:
Dungeon (3/15)

Altars:

Shops:
D:2 *


Innate Abilities, Weirdness & Mutations

You are immune to sickness and miasma.
You are immune to poison.
Your flesh is very heat resistant. (rF++)
You are vulnerable to cold. (rC-)
You float through the air rather than walking.
You learn spells naturally, not from books.
Your magical power is your life essence.
You have superior vitality. (+4 HP)


Message History

You kill the goblin!
* * * LOW HITPOINT WARNING * * *
You have reached level 2!
A worm comes into view.
Found a stone staircase leading up.
A rat comes into view.
The rat moves out of view.
Found a stone staircase leading down.
A goblin comes into view. It is wielding a +0 dagger.
The goblin shouts!
Casting: Pain (safe; 4% risk of failure)
Confirm with . or Enter, or press ? or * to list all spells.
Aiming: Pain (safe; 4% risk of failure)
Press: ? - help, Shift-Dir - straight line, f - rat
Aim: a rat (chance to affect: 85%)
The rat writhes in agony.
You kill the rat!
* * * LOW HITPOINT WARNING * * *
Casting: Pain (safe; 4% risk of failure)
Confirm with . or Enter, or press ? or * to list all spells.
Aiming: Pain (safe; 4% risk of failure)
Press: ? - help, Shift-Dir - straight line, f - goblin
Aim: a goblin, wielding a +0 dagger (chance to affect: 85%)
The goblin writhes in agony.
You kill the goblin!
* * * LOW HITPOINT WARNING * * *
Unknown command.
A ball python comes into view.
The ball python hisses angrily.
You hear an angry hiss. x2
Casting: Pain (safe; 4% risk of failure)
Confirm with . or Enter, or press ? or * to list all spells.
Aiming: Pain (safe; 4% risk of failure)
Press: ? - help, Shift-Dir - straight line, f - ball python
Aim: a ball python (chance to affect: 85%)
You miscast Pain.
You are very lightly contaminated with residual magic.
Nothing appears to happen.
* * * LOW HITPOINT WARNING * * *
The ball python bites you.
You die...

#≈≈≈≈.≈≈≈≈≈≈≈≈≈≈≈≈
##
#≈≈≈≈#..≈...≈..≈.≈
.#
#≈≈≈#####..#######
.# #≈≈###.##.## ..
.# #≈##≈#....#
#####.... .##
#≈≈≈≈##..##
##.....#
..######≈≈###.##
#..# #...#
######..######.##
###.#
##......@S....#
.##†#
#...#..<.#######
.##.####.# #....#
..#...##.# #....#
......#..# ###)##
..>.....## #.#
.<......# #.#
.....##..# ###.#
.....###..##...#


You could see a ball python.

Vanquished Creatures
  2 giant cockroaches
  3 goblins (D:2)
  2 frilled lizards (D:2)
  A rat (D:2)
8 creatures vanquished.

Notes
Turn   | Place    | Note
-------+----------+-------------------------------------------
     0 | D:1      | Spectrina the Djinni Necromancer began the quest for the
                  | Orb.
     0 | D:1      | Reached XP level 1. HP: 15/15 MP: 0/0
    73 | D:2      | Found Xiruk's General Store.
   215 | D:2      | Reached XP level 2. HP: 2/21 MP: 0/0
   265 | D:2      | Slain by a ball python

Illustrated notes

Levels and vault maps discovered:
D:1:      evilmike_arrival_home_sweet_home, layout_loops_ring
D:2:      layout_rooms, serial_shops, nicolae_shop_stone,
          dreamdust_ecumenical_altar_statues, chequers_serial_rivers_large_a
D:3:      layout_loops_cross, uniq_sigmund

Action                   || total
-------------------------++-------
 Cast: Pain              ||    14
Dodge: Dodged            ||     1
